 Dungeon Crawl Stone Soup version 0.29.1-15-g9cfb28693d (webtiles) character file.

Game seed: 15238154446664875256

81 LustLizard the Ruffian (level 4, 0/45 HPs)
             Began as a Troll Fighter on Apr 4, 2023.
             Constricted to death by Ijyb (4 damage)
             ... on level 3 of the Dungeon.
             The game lasted 00:02:35 (1649 turns).

LustLizard the Ruffian (Troll Fighter)              Turns: 1649, Time: 00:02:37

Health: 0/45       AC:  5    Str: 24    XL:     4   Next: 19%
Magic:  3/3        EV:  5    Int:  6    God:
Gold:   74         SH:  7    Dex:  9    Spells: 3/3 levels left

rFire   . . .      SeeInvis .     - Unarmed
rCold   . . .      Faith    .   b - +0 kite shield
rNeg    + . .      Spirit   .   h - +1 robe {rN+}
rPois   .          Reflect  .   (helmet restricted)
rElec   .          Harm     .   (no cloak)
rCorr   .          Rampage  .   (gloves unavailable)
Will    .....                   (boots unavailable)
Stlth   +.........              (no amulet)
HPRegen 0.95/turn               (no ring)
MPRegen 0.08/turn               (no ring)

@: lethally poisoned (0 -> -2), grasped by roots, constricted
A: large, unfitting armour, claws 3, regeneration 1, shaggy fur 1, tough skin 1
a: no special abilities


You were on level 3 of the Dungeon.
You visited 1 branch of the dungeon, and saw 3 of its levels.

You collected 74 gold pieces.

Inventory:

Missiles
 g - 5 poisoned darts (quivered)
 o - 6 atropa-tipped darts
Armour
 a - a +0 robe
 b - a +0 kite shield (worn)
 h - a +1 robe of positive energy (worn)
Jewellery
 n - a +6 ring of strength
Scrolls
 d - a scroll of fog {unknown}
 e - a scroll of identify {unknown}
 j - a scroll of summoning {unknown}
 l - 4 scrolls of enchant weapon
Potions
 c - 2 potions of might
 f - 2 potions of mutation {unknown}
 i - a potion of cancellation {unknown}
 k - a potion of resistance {unknown}
 m - a potion of flight {unknown}
 p - a potion of brilliance {unknown}


   Skills:
 + Level 3.0 Fighting
 - Level 2.4 Dodging
 + Level 3.2 Shields
 * Level 3.4 Unarmed Combat


You had 3 spell levels left.
You didn't know any spells.
Your spell library contained the following spells:

 Spells                   Type           Power      Damage    Failure   Level
 Animate Dead             Necr           0%         N/A       100%        4
 Borgnjor's Vile Clutch   Necr/Erth      0%         N/A       100%        5
 Death Channel            Necr           0%         N/A       100%        6


Dungeon Overview and Level Annotations

Branches:
Dungeon (3/15)

Altars:

Shops:
D:3 ([

Annotations:
D:3 Ijyb


Innate Abilities, Weirdness & Mutations

You are too large for most types of armour.
You have claws for hands.
Your natural rate of healing is unusually fast.
You are covered in fur. (AC +1)
You have tough skin. (AC +1)


Message History

Ijyb screams, "It's all mine!"
The adder bites you. The adder attacks as you move away!
The adder bites you but does no damage.
The frilled lizard attacks as you move away!
The frilled lizard bites you.
The frilled lizard attacks as you move away!
You block the frilled lizard's attack.
Ijyb zaps a wand.
The roots erupt in riotous growth!
The frilled lizard is unaffected.
The grasping roots grab you! The grasping roots constrict you.
You hear a shout! x2
You miss the frilled lizard. The frilled lizard bites you.
The grasping roots constrict you.
Unknown command.
You closely miss the frilled lizard.
The frilled lizard bites you but does no damage.
The grasping roots constrict you.
You closely miss the frilled lizard. The frilled lizard barely misses you.
The grasping roots constrict you.
The grasping roots release their grip on you.
You scratch the frilled lizard.
You kill the frilled lizard!
Ijyb zaps a wand.
The roots erupt in riotous growth!
The adder is unaffected.
Ijyb is unaffected.
The grasping roots grab you! The grasping roots constrict you.
You scratch the adder.
The adder is moderately wounded.
The adder bites you.
You are poisoned.
The adder poisons you! The grasping roots constrict you.
You block the adder's attack. The grasping roots constrict you.
* * * LOW HITPOINT WARNING * * *
You scratch the adder.
The adder is moderately wounded.
You feel sick. The adder bites you.
* * * LOW HITPOINT WARNING * * *
You are more poisoned.
The adder poisons you! The grasping roots constrict you.
You die...

#######.#.##.# #...#
####.......#.### #...#
..##.##.#..#...###...#####
..##.##.#>.#...##........#
.....##.†..##..##.......!.
..##.##†#..##............#
........#....∩..g#...#...
#.##..........##S#.g♣♣
#.##......##..##@#..♣
#.##....####..##.#..♣
#.###.#.##.#####.#..♣
#.###......# #.....
........#### #.)....
######### ....... ........
.....


You could see Ijyb and an adder.

Vanquished Creatures
  2 adders
  2 worms (D:2)
  2 dart slugs (D:1)
  6 ball pythons
  7 bats
  2 endoplasms
  4 giant cockroaches
  6 goblins
  4 hobgoblins
  2 quokkas
  3 frilled lizards
  6 kobolds
  4 rats
50 creatures vanquished.

Notes
Turn   | Place    | Note
-------+----------+-------------------------------------------
     0 | D:1      | LustLizard the Troll Fighter began the quest for the Orb.
     0 | D:1      | Reached XP level 1. HP: 22/22 MP: 0/0
    66 | D:1      | Reached XP level 2. HP: 28/29 MP: 1/1
   491 | D:1      | Reached XP level 3. HP: 36/36 MP: 2/2
  1457 | D:3      | Reached XP level 4. HP: 44/44 MP: 3/3
  1520 | D:3      | Found Uliarpham's Weapon Boutique.
  1527 | D:3      | Found Zinaty's Armour Shop.
  1633 | D:3      | Noticed Ijyb
  1649 | D:3      | Constricted to death by Ijyb

Illustrated notes

Levels and vault maps discovered:
D:1:      amcnicky_arrival_wind_blow, layout_basic, serial_corexii_hall,
          corexii_hall_statues_u, corexii_hall_statues_x,
          corexii_hall_statues_x, chequers_hall_statues_corner_a
D:2:      layout_loops_ring
D:3:      layout_loops_cross, mainiacjoe_overflow_alcove_1, fedhas_altar_4,
          serial_shops, nicolae_shop_bloodbath_and_beyond,
          nicolae_shop_hallway_plus, shop, nicolae_square_shop,
          nicolae_shop_statue_plus, dreamdust_ecumenical_altar_drowned_temple,
          uniq_ijyb

Skill      XL: |  1  2  3  4 |
---------------+-------------+-----
Shields        | 3 |  3.2
Unarmed Combat | 3 |  3.4
Fighting       | 3 |  3.0
Dodging        | |  2.4

Action                   |  1- 3 |  4- 6 || total
-------------------------+-------+-------++-------
Melee: Unarmed           |   121 |    23 ||   144
  Use: Scroll            |     1 |       ||     1
Armor: Robe              |    49 |     9 ||    58
Dodge: Dodged            |    43 |    10 ||    53
Block: Kite shield       |    40 |    11 ||    51
